 Dungeon Crawl Stone Soup version 0.27-a0-1287-gca74d27db6 (webtiles) character file.

Game seed: 9012194531346632863

35 bande the Shield-Bearer (level 3, 0/23 HPs)
             Began as a Gargoyle Fighter on June 14, 2021.
             Killed from afar by an orc wizard (7 damage)
             ... with a magic dart
             ... on level 3 of the Dungeon.
             The game lasted 00:02:24 (1439 turns).

bande the Shield-Bearer (Gargoyle Fighter)          Turns: 1439, Time: 00:02:25

Health: 0/23       AC: 13    Str: 19    XL:     3   Next: 35%
Magic:  3/3        EV:  5    Int:  8    God:
Gold:   62         SH:  9    Dex: 10    Spells: 2/2 levels left

rFire    . . .     SeeInvis .   a - +0 war axe
rCold    . . .     Faith    .   c - +0 kite shield
rNeg     + . .     Spirit   .   j - +0 chain mail
rPois    ∞         Reflect  .   (no helmet)
rElec    +         Harm     .   (no cloak)
rCorr    .         Rampage  .   (no gloves)
Will     .....                  f - +0 pair of boots
Stlth    ..........             (no amulet)
HPRegen  0.07/turn              (no ring)
MPRegen  0.08/turn              (no ring)

@: no status effects
A: sickness immunity, AC +3, negative energy resistance 1, electricity
resistance, torment resistance 1, petrification resistance
a: no special abilities


You were on level 3 of the Dungeon.
You visited 1 branch of the dungeon, and saw 3 of its levels.

You collected 62 gold pieces.

Inventory:

Hand Weapons
 a - a +0 war axe (weapon)
Armour
 c - a +0 kite shield (worn)
 f - a +0 pair of boots (worn)
 j - a +0 chain mail (worn)
Jewellery
 i - a ring of positive energy
Scrolls
 e - a scroll of identify {unknown}
 g - a scroll of amnesia {unknown}
Potions
 d - a potion of might
 h - a potion of attraction {unknown}


   Skills:
 + Level 3.5 Fighting
 + Level 2.3 Axes
 + Level 3.7 Armour
 + Level 0.1 Dodging
 + Level 3.7 Shields


You had 2 spell levels left.
You didn't know any spells.
Your spell library was empty.

Dungeon Overview and Level Annotations

Branches:
Dungeon (2/15)

Altars:


Innate Abilities, Weirdness & Mutations

You are immune to sickness and miasma.
Your stone body is resilient. (AC +3)
You are immune to poison.
You resist negative energy. (rN+)
You are resistant to electric shocks. (rElec)
You are resistant to unholy torment.
You are immune to petrification.


Message History

No target in view!
No target in view!
HP restored.
You fall into a shaft and drop 1 floor!
The shaft crumbles and collapses.
No target in view!
Found a large rock.
Found 12 stones. 2 orcs and an orc wizard come into view.
The orc shouts!
The orc wizard shouts!
Found a stone staircase leading down.
You barely miss the orc wizard. You slash the orc!
You kill the orc!
The orc wizard casts a spell.
The orc wizard flickers and vanishes!
Deactivating autopickup; reactivate with Ctrl-A.
You hit the orc.
The orc is heavily wounded.
The orc hits you but does no damage.
You hear some strange, mumbled words.
You are confused.
The orc hits you but does no damage.
You completely miss the orc.
The orc is heavily wounded.
You closely miss something. Something completely misses you.
The orc hits you with a +0 flail!
You're too confused to move!
Something hits you but does no damage. The orc hits you with a +0 flail.
You bump into the rock wall.
Something hits you but does no damage. The orc hits you but does no damage.
You miss something. You barely miss the orc.
You feel less confused. Something hits you but does no damage.
You block the orc's attack. Something hits you but does no damage.
The orc hits you with a +0 flail!
* * * LOW HITPOINT WARNING * * *
You miss something. You barely miss the orc.
You hear some strange, mumbled words.
A magic dart appears from out of thin air!
The magic dart hits you!
You die...

............(..
.
.....##.#.≈(^^.
.≈ #.. #.#
.###...≈ . #.#
#. ...# #.#
.#.§..≈
##.###≈§§§.^≈
#.......§§...
#..#####.....
#@.# ### #.#{o#
#....# #..).#
#....# #.#..#
#...># ###.##
#.#


You could see an orc.

Vanquished Creatures
  An adder (D:2)
  An orc (D:3)
  6 ball pythons (D:1)
  2 bats
  An endoplasm (D:1)
  2 giant cockroaches (D:1)
  5 hobgoblins (D:1)
  A kobold (D:1)
  A quokka (D:1)
  A frilled lizard (D:1)
  2 rats (D:1)
23 creatures vanquished.

Notes
Turn   | Place    | Note
-------+----------+-------------------------------------------
     0 | D:1      | bande the Gargoyle Fighter began the quest for the Orb.
     0 | D:1      | Reached XP level 1. HP: 14/14 MP: 1/1
   280 | D:1      | Reached XP level 2. HP: 19/19 MP: 2/2
   692 | D:1      | Found a faded altar of an unknown god.
   920 | D:1      | You fall into a shaft and drop 1 floor!
   966 | D:2      | Reached XP level 3. HP: 23/23 MP: 3/3
  1409 | D:2      | You fall into a shaft and drop 1 floor!
  1439 | D:3      | Killed from afar by an orc wizard

Illustrated notes

Levels and vault maps discovered:
D:1:      lightli_arrival_maybe_door_vault, layout_loops_corners,
          basic_ecumenical_altar
D:2:      layout_basic, serial_bayou_pond_e
D:3:      layout_basic, grunt_qazlal_sundering, minmay_quantized, uniq_grinder

Skill      XL: |  1  2 |
---------------+-------+-----
Axes           | 2 |  2.3
Fighting       | |  3.5
Armour         | |  3.7
Dodging        | |  0.1
Shields        | |  3.7

Action                   || total
-------------------------++-------
Melee: War axe           ||    59
Armor: Scale mail        ||    21
       Chain mail        ||    14
Dodge: Dodged            ||    21
Block: Kite shield       ||    34

Table legend: (Time is in decaauts)
 A = Elapsed time spent in this place.
 B = Non-inter-level travel time spent in this place.
 C = Inter-level travel time spent in this place.
 D = Time resting spent in this place.
 E = Time spent auto-exploring this place.
 F = Levels seen in this place.
 G = Mean time per level.
                   A        B        C        D        E       F      G
               +--------+--------+--------+--------+--------+-----+--------+
         Total |   1476 |   1466 |     10 |      0 |   1082 |   3 |  492.0 |
       Dungeon |   1476 |   1466 |     10 |      0 |   1082 |   3 |  492.0 |
               +--------+--------+--------+--------+--------+-----+--------+

Top non-repeatable levels by time:
     D:1: 1212 daAuts
     D:2: 232 daAuts
     D:3: 32 daAuts
